 Dungeon Crawl Stone Soup version 0.27.1-3-gb3d3a73c9e (webtiles) character file.

Game seed: 8124959946175184420

97 Crownlay the Chopper (level 4, -10/39 HPs)
             Began as a Hill Orc Fighter on Oct 19, 2021.
             Mangled by an ogre (24 damage)
             ... on level 4 of the Dungeon.
             The game lasted 00:03:09 (3581 turns).

Crownlay the Chopper (Hill Orc Fighter)             Turns: 3581, Time: 00:03:10

Health: -10/39     AC: 12    Str: 19    XL:     4   Next: 68%
Magic:  4/4        EV:  5    Int:  8    God:
Gold:   74         SH:  5    Dex: 10    Spells: 3/3 levels left

rFire    + . .     SeeInvis .   a - +0 war axe
rCold    . . .     Faith    .   (no shield)
rNeg     . . .     Spirit   .   n - +0 plate armour {rF+}
rPois    .         Reflect  +   (no helmet)
rElec    .         Harm     .   v - +0 cloak
rCorr    .         Rampage  .   (no gloves)
Will     .....                  (no boots)
Stlth    ..........             i - amulet of reflection
HPRegen  0.13/turn              (no ring)
MPRegen  0.09/turn              (no ring)

@: no status effects
A: no striking features
a: no special abilities


You were on level 4 of the Dungeon.
You visited 1 branch of the dungeon, and saw 4 of its levels.

You collected 74 gold pieces.

Inventory:

Hand Weapons
 a - a +0 war axe (weapon)
Missiles
 m - 2 javelins (quivered)
Armour
 c - a +0 kite shield
 n - a +0 plate armour of fire resistance (worn)
 v - a +0 cloak (worn)
Jewellery
 i - an amulet of reflection (around neck)
 j - a +6 ring of intelligence
 r - a ring of ice
Wands
 b - a wand of charming (8)
 u - a wand of iceblast (10)
Scrolls
 d - a scroll of blinking {unknown}
 e - 2 scrolls of teleportation {unknown}
 k - a scroll of magic mapping {unknown}
 l - a scroll of immolation {unknown}
 o - a scroll of silence {unknown}
 q - a scroll of identify {unknown}
 s - a scroll of summoning {unknown}
 t - a scroll of amnesia {unknown}
Potions
 f - a potion of resistance {unknown}
 g - 2 potions of degeneration {unknown}
 h - a potion of flight {unknown}
 p - a potion of mutation {unknown}


   Skills:
 - Level 3.6 Fighting
 + Level 6.3 Axes
 - Level 3.2 Armour
 - Level 3.2 Shields


You had 3 spell levels left.
You didn't know any spells.
Your spell library was empty.

Dungeon Overview and Level Annotations

Branches:
Dungeon (4/15)
 Temple: D:4-7

Altars:
Makhleb

Shops:
D:1 [


Message History

An ogre comes into view. It is wielding a +0 giant spiked club.
The goblin hits you with a +0 club.
The ogre shouts!
You slash the goblin!
You kill the goblin!
You hear a shout! x2
A kobold comes into view. It is wielding a +0 dagger.
The kobold shouts!
You slash the ogre!
The ogre is moderately wounded.
The ogre hits you with a +0 giant spiked club!!
Ouch! That really hurt!
You are too injured to fight recklessly!
You are too injured to fight recklessly!
You are too injured to fight recklessly!
You are too injured to fight recklessly!
You are too injured to fight recklessly!
The kobold throws a stone.
The stone hits you.
The kobold throws a stone.
The stone completely misses you.
Things that are here:
a +0 dagger; a goblin corpse
There is a stone staircase leading up here.
You climb upwards.
There is a stone staircase leading down here.
HP restored.
Done exploring.
You climb downwards.
The ogre barely misses you.
There is a stone staircase leading up here.
You slash the ogre!
The ogre is moderately wounded.
The ogre hits you with a +0 giant spiked club!!
Ouch! That really hurt!
You slash the ogre!
The ogre is severely wounded.
The ogre hits you with a +0 giant spiked club.
You hit the ogre.
The ogre is almost dead.
The ogre hits you with a +0 giant spiked club!!
Ouch! That really hurt!
You die...

.# .# ## .. .# .#
.# # ##.##.###
#.#.......#
#####.#.##..#
........).O.#.##.#
.###.##.##@.......
# #.#####.####
#.##.#####.#
#.)........#
#.###..#####
#......# #.#.....#
#....... #....#.K.


You could see an ogre.

Vanquished Creatures
  3 adders
  2 worms (D:2)
  3 dart slugs
  5 orcs
  2 bats
  2 endoplasms (D:1)
  3 giant cockroaches
  7 goblins
  5 hobgoblins
  6 kobolds
  2 quokkas (D:1)
  6 ball pythons
  A frilled lizard (D:2)
  6 rats
53 creatures vanquished.

Notes
Turn   | Place    | Note
-------+----------+-------------------------------------------
     0 | D:1      | Crownlay the Hill Orc Fighter began the quest for the Orb.
     0 | D:1      | Reached XP level 1. HP: 19/19 MP: 1/1
    96 | D:1      | Reached skill level 3 in Axes
   392 | D:1      | Reached XP level 2. HP: 26/26 MP: 2/2
   427 | D:1      | You fall into a shaft and drop 1 floor!
   487 | D:2      | Reached skill level 4 in Axes
   880 | D:2      | Reached XP level 3. HP: 31/31 MP: 3/3
   890 | D:2      | Reached skill level 5 in Axes
  1249 | D:1      | Reached XP level 4. HP: 39/39 MP: 4/4
  1379 | D:1      | Found Rakimu Piar's Armour Shop.
  1451 | D:1      | Found a faded altar of an unknown god.
  2231 | D:3      | Found a burning altar of Makhleb.
  2411 | D:3      | Reached skill level 6 in Axes
  3366 | D:4      | Noticed an ogre
  3581 | D:4      | Mangled by an ogre

Illustrated notes

Levels and vault maps discovered:
D:1:      lemuel_arrival_room, layout_loops_ring,
          dilly_ecumenical_altar_fadedgnrine, serial_shops, shop,
          minmay_misc_feat_enclosed, minmay_tromino_v4_b
D:2:      layout_basic
D:3:      layout_basic, mainiacjoe_overflow_surrounded_room
D:4:      layout_loops_cross, nicolae_overflow_hidden_temple

Skill      XL: |  1  2  3  4 |
---------------+-------------+-----
Axes           | 3 4 5 6 |  6.3
Fighting       | |  3.6
Armour         | |  3.2
Shields        | |  3.2

Action                   |  1- 3 |  4- 6 || total
-------------------------+-------+-------++-------
Melee: War axe           |    71 |    60 ||   131
  Use: Potion            |     1 |       ||     1
Armor: Scale mail        |    23 |     2 ||    25
       Plate armour      |       |    28 ||    28
Dodge: Dodged            |    28 |    11 ||    39
Block: Other             |    12 |    14 ||    26
